cohdb
Replays
Latest Replays
All Replays
Popular Replays
Top Player Replays
Match Explorer
How It Works
Community
CoH3 Stats
Reddit
Sign in to upload your games and track your stats! →
Sign in with Steam
Match 42957511
Unlisted
Match 42957511
Overview
Messages
Build Orders
End
Panzergrenadier Squad
Panzerpioneer Squad
Selects Italian Infantry
Panzergrenadier Squad
Selects Defensive Operations
Construct Light Support Kompanie
2.5-tonne Medical Truck
Fire Support Elements
Pak 38 Anti-tank Gun Team
Selects Prepared Positions
Construct Panzerarmee Kommand
Selects Guastatori Squad
Guastatori Squad
Walking Stuka Rocket Launcher
Panzer III L Medium Tank
Panzer III L Medium Tank
Selects Obice 305mm Barrage
Selects L6/40 Light Tank Combat Group
Obice 305mm Barrage
Obice 305mm Barrage
Guastatori Squad
Tungsten Core Ammunition
Walking Stuka Rocket Launcher
Obice 305mm Barrage
2.5-tonne Medical Truck
Panzer III L Medium Tank
ChiaboiC
Lord Tupalem of Campers
Guru
Karl Müller
0
0
Comments
sign in to comment!
No comments posted yet!